 Dungeon Crawl Stone Soup version 0.19.1-1-g22dce08 (webtiles) character file.

77 ponk the Sneak (level 4, 0/33 HPs)
             Began as a Mummy Assassin on Jan 15, 2017.
             Killed from afar by Yoshimo's ghost (10 damage)
             ... with a magic dart
             ... on level 3 of the Dungeon.
             The game lasted 00:04:44 (2155 turns).

ponk the Sneak (Mummy Assassin)                     Turns: 2155, Time: 00:04:45

Health: 0/33       AC:  3    Str: 14    XL:     4   Next: 14%
Magic:  4/4        EV: 16    Int: 10    God:
Gold:   86         SH:  0    Dex: 14    Spells: 0 memorised, 3 levels left

rFire  x . .     SeeInvis .     m - +1 dagger (venom)
rCold  + . .     Gourm    .     c - +0 robe
rNeg   + + +     Faith    .     (no shield)
rPois  ∞         Spirit   .     (no helmet)
rElec  .         Reflect  .     d - +0 cloak
rCorr  .         Harm     .     (no gloves)
MR     .....                    (no boots)
Stlth  +++.......               g - amulet of rage
                                (no ring)
                                l - +5 ring of evasion

@: no status effects
A: no food or potions, fire vulnerability, cold resistance 1, negative energy
resistance 3, torment resistance, unbreathing
a: no special abilities


You were on level 3 of the Dungeon.
You were not hungry.

You visited 1 branch of the dungeon, and saw 3 of its levels.

You collected 86 gold pieces.

Inventory:

Hand Weapons
 a - a +2 dagger
 b - a +0 blowgun
 m - a +1 dagger of venom (weapon)
Missiles
 e - 30 poisoned needles
 f - 2 curare-tipped needles
Armour
 c - a +0 robe (worn)
 d - a +0 cloak (worn)
Jewellery
 g - an amulet of rage (around neck)
 l - a +5 ring of evasion (left hand)
 n - an uncursed ring of magical power {unknown}
Scrolls
 i - 2 scrolls of enchant armour
 j - a scroll of amnesia


   Skills:
 - Level 2.0 Fighting
 - Level 1.6 Short Blades
 - Level 1.5 Throwing
 - Level 0.7 Dodging
 + Level 4.9 Stealth


You had 3 spell levels left.
You didn't know any spells.

Dungeon Overview and Level Annotations

Branches:
Dungeon (3/15)

Altars:

Annotations:
D:3 Yoshimo's ghost, weakling DgWz


Innate Abilities, Weirdness & Mutations

You do not eat or drink.
Your flesh is vulnerable to fire.
You are immune to poison.
Your flesh is cold resistant. (rC+)
You are immune to negative energy. (rN+++)
You are immune to unholy pain and torment.
You can survive without breathing.


Message History

You barely miss Yoshimo's ghost.
Yoshimo's ghost is lightly damaged.
Yoshimo's ghost hits you.
You hit Yoshimo's ghost but do no damage.
Yoshimo's ghost is lightly damaged.
Yoshimo's ghost hits you but does no damage.
You closely miss Yoshimo's ghost.
Yoshimo's ghost is lightly damaged.
Yoshimo's ghost closely misses you.
You hit Yoshimo's ghost but do no damage.
Yoshimo's ghost is lightly damaged.
Yoshimo's ghost barely misses you.
You completely miss Yoshimo's ghost.
Yoshimo's ghost is lightly damaged.
Yoshimo's ghost hits you.
You miss Yoshimo's ghost.
Yoshimo's ghost is lightly damaged.
Yoshimo's ghost points at you and mumbles some strange words.
The magic dart hits you!
You die...

. .#.### .....#
.##.#.. ####
...)... #..
..... #.# .#
.#..#..##.####.#
.......@.....#.#
......W##.##.#.#
....... #.##.#.#
##.#### #......#
.. ####..## .
##.# #.# ## #.#
. ..# #####.#


You could see Yoshimo's ghost.

Vanquished Creatures
  3 adders (D:2)
  3 dart slugs (D:1)
  A leopard gecko (D:1)
  10 bats
  3 giant cockroaches (D:2)
  3 goblins
  6 hobgoblins
  3 frilled lizards
  6 kobolds
  5 rats
43 creatures vanquished.

Vanquished Creatures (others)
  A bat (D:1)
1 creature vanquished.

Grand Total: 44 creatures vanquished

Notes
Turn   | Place    | Note
-------+----------+-------------------------------------------
     0 | D:1      | ponk the Mummy Assassin began the quest for the Orb.
     0 | D:1      | Reached XP level 1. HP: 16/16 MP: 1/1
   278 | D:1      | Reached XP level 2. HP: 2/22 MP: 2/2
  1067 | D:1      | Reached skill level 4 in Stealth
  1290 | D:1      | Reached XP level 3. HP: 25/27 MP: 3/3
  1762 | D:2      | Reached XP level 4. HP: 29/33 MP: 4/4
  2129 | D:3      | Noticed Yoshimo's ghost (weakling DgWz)
  2155 | D:3      | Killed from afar by Yoshimo's ghost

Skill      XL: |  1  2 |
---------------+-------+-----
Stealth        | 4 |  4.9
Fighting       | |  2.0
Short Blades   | |  1.6
Throwing       | |  1.5
Dodging        | |  0.7

Action                   |  1- 3 |  4- 6 || total
-------------------------+-------+-------++-------
Melee: Dagger            |   122 |    32 ||   154
  Use: Scroll            |       |     3 ||     3
 Stab: Sleeping          |    10 |     3 ||    13
Armor: Robe              |    37 |     1 ||    38
Dodge: Dodged            |    81 |    21 ||   102
